 Dungeon Crawl Stone Soup version 0.20.1-1-g8b1a95d (webtiles) character file.

119 equalderp2856 the Skirmisher (level 4, -3/35 HPs)
             Began as a Mummy Fighter on Oct 25, 2017.
             Killed from afar by an orc wizard (9 damage)
             ... with a magic dart
             ... on level 3 of the Dungeon.
             The game lasted 00:02:16 (2182 turns).

equalderp2856 the Skirmisher (Mummy Fighter)        Turns: 2182, Time: 00:02:16

Health: -3/35      AC: 10    Str: 19    XL:     4   Next: 74%
Magic:  5/5        EV:  7    Int:  8    God:
Gold:   110        SH:  9    Dex: 11    Spells: 5/5 levels left

rFire    x . .     SeeInvis .   a - +0 war axe
rCold    + . .     Gourm    .   c - +0 shield
rNeg     + + +     Faith    .   b - +0 scale mail
rPois    ∞         Spirit   .   (no helmet)
rElec    .         Reflect  .   (no cloak)
rCorr    .         Harm     .   (no gloves)
MR       .....                  (no boots)
Stlth    ..........             (no amulet)
Regen    0.2/turn               d - +3 ring of protection
MPRegen  0.1/turn               j - +1 ring of protection

@: no status effects
A: no food or potions, fire vulnerability, cold resistance 1, negative energy
resistance 3, torment resistance, unbreathing
a: no special abilities


You were on level 3 of the Dungeon.
You were not hungry.

You visited 1 branch of the dungeon, and saw 3 of its levels.

You collected 110 gold pieces.

Inventory:

Hand Weapons
 a - a +0 war axe (weapon)
 l - a +0 trident of flaming
Armour
 b - a +0 scale mail (worn)
 c - a +0 shield (worn)
Jewellery
 d - a +3 ring of protection (left hand)
 f - an uncursed ring of positive energy
 j - a +1 ring of protection (right hand)
Wands
 m - a wand of lightning (4/15)
Scrolls
 e - 6 scrolls of identify {unknown}
 g - 3 scrolls of remove curse {unknown}
 h - 2 scrolls of fog {unknown}
 i - 2 scrolls of blinking {unknown}
 k - a scroll of random uselessness {unknown}
 n - a scroll of enchant weapon {unknown}
 o - a scroll of teleportation {unknown}


   Skills:
 + Level 3.3 Fighting
 * Level 2.5 Axes
 + Level 3.2 Armour
 + Level 0.8 Dodging
 + Level 2.8 Shields
 * Level 1.0 Spellcasting


You had 5 spell levels left.
You didn't know any spells.

Dungeon Overview and Level Annotations

Branches:
Dungeon (3/15)

Altars:
Gozag


Innate Abilities, Weirdness & Mutations

You do not eat or drink.
Your flesh is vulnerable to fire.
You are immune to poison.
Your flesh is cold resistant. (rC+)
You are immune to negative energy. (rN+++)
You are immune to unholy pain and torment.
You can survive without breathing.


Message History

The orc wizard is severely wounded.
You hit the worm. You miss something.
The orc wizard points at you and mumbles some strange words.
You block the puff of flame. Something hits you.
The orc wizard hits you with a dagger. Something hits you but does no damage.
The worm bites you! The orc wizard barely misses you.
You are too injured to fight recklessly!
You are too injured to fight recklessly!
Unknown command.
You are too injured to fight recklessly!
Unknown command.
The orc wizard points at you and mumbles some strange words.
The magic dart hits you!
* * * LOW HITPOINT WARNING * * *
The orc wizard gestures at you while chanting.
The magic dart hits you!
* * * LOW HITPOINT WARNING * * *
A magic dart appears from out of thin air!
The magic dart hits you!
You die...

#...........#.#...........#
#...........#.#...........#
#...........#.#.#'##########
#...........#.#.#.†.........
......####'##.#.#...........
......####..#.#.#...........
............#.#.#...........
......#####...#+###.........
.####.#####.....@.o.........
.####....##........w........
.##...##.##.#>.....)).......
.##....#.##.................
....._......................
##.#....##....#+###.........
##.##...##....# #.........
##....####....# #.........
#####.####....# #.........


You could see a worm and an orc wizard.

Vanquished Creatures
  4 adders
  3 worms
  A dart slug (D:1)
  3 orcs (D:3)
  6 giant cockroaches
  5 hobgoblins
  5 jackals
  2 quokkas (D:2)
  2 bats
  6 frilled lizards
  13 goblins
  6 kobolds
  10 rats
66 creatures vanquished.

Notes
Turn   | Place    | Note
-------+----------+-------------------------------------------
     0 | D:1      | equalderp2856 the Mummy Fighter began the quest for the Orb.
     0 | D:1      | Reached XP level 1. HP: 18/18 MP: 1/1
    88 | D:1      | Reached XP level 2. HP: 20/24 MP: 2/2
   776 | D:2      | Reached XP level 3. HP: 14/29 MP: 3/3
  1358 | D:2      | Reached XP level 4. HP: 32/35 MP: 4/4
  1594 | D:3      | Found an opulent altar of Gozag.
  2172 | D:3      | Reached skill level 1 in Spellcasting
  2182 | D:3      | Killed from afar by an orc wizard

Skill      XL: |  1  2  3  4 |
---------------+-------------+-----
Axes           | 2 |  2.5
Armour         | 3 |  3.2
Spellcasting   | 1 |  1.0
Fighting       | |  3.3
Dodging        | |  0.8
Shields        | |  2.8

Action                   |  1- 3 |  4- 6 || total
-------------------------+-------+-------++-------
Melee: War axe           |   132 |   109 ||   241
Armor: Scale mail        |    55 |    55 ||   110
Dodge: Dodged            |    42 |    46 ||    88
Block: Shield            |    75 |    57 ||   132
